 Dungeon Crawl Stone Soup version 0.17-a0-2064-g265a032 (webtiles) character file.

379 brucemayne the Chopper (level 6, -1/32 HPs)
             Began as a Vine Stalker Berserker on Oct 12, 2015.
             Was a Believer of Trog.
             Slain by a giant frog (3 damage)
             ... on level 7 of the Dungeon.
             The game lasted 00:05:51 (1118 turns).

brucemayne the Chopper (Vine Stalker Berserker)     Turns: 1118, Time: 00:05:51

Health: -1/32      AC:  6    Str: 20    XL:     6   Next: 74%
Magic:  0/7        EV: 10    Int:  7    God:    Trog [**....]
Gold:   45         SH:  0    Dex: 15    Spells: 0 memorised, 5 levels left

rFire  . . .     SeeInvis .     a - +0 hand axe
rCold  . . .     Clarity  .     w - +0 scale mail (curse)
rNeg   . . .     SustAt   +     (no shield)
rPois  +         Gourm    .     (no helmet)
rElec  .         Spirit   +     (no cloak)
rCorr  .         Warding  .     (no gloves)
rMut   .         Stasis   .     (no boots)
MR     .....                    (no amulet)
Stlth  ..........               t - ring of poison resistance
                                e - ring of sustain attributes

@: exhausted, starving, slowed, very slow, not resistant to hostile
enchantments, extremely unstealthy
A: fangs 2, regeneration 2, magic shield, antimagic bite, no device heal 3, rot
immunity
a: Burn Spellbooks, Berserk, Trog's Hand, Renounce Religion


You were on level 7 of the Dungeon.
You worshipped Trog.
Trog was pleased with you.
You were starving.

You visited 2 branches of the dungeon, and saw 9 of its levels.

You collected 45 gold pieces.

Inventory:

Hand Weapons
 a - a +0 hand axe (weapon)
Missiles
 d - a throwing net (quivered)
 q - 6 needles of confusion
 r - 5 javelins
Armour
 b - a +0 animal skin
 j - a +0 leather armour
 u - a +0 ring mail
 w - a cursed +0 scale mail (worn)
Jewellery
 e - a ring of sustain attributes (left hand)
 t - a ring of poison resistance (right hand)
Scrolls
 f - 2 scrolls of identify
 h - a scroll of teleportation {unknown}
 m - a scroll of enchant weapon {unknown}
 p - a scroll of fog
Potions
 g - a potion of heal wounds
 i - a potion of invisibility {unknown}
 l - a potion of poison {unknown}
 n - 4 potions of curing
 s - a potion of haste {unknown}
 x - a potion of degeneration {unknown}
Comestibles
 c - 4 bread rations
 o - a meat ration


   Skills:
 - Level 2.6 Fighting
 + Level 6.7 Axes
 - Level 1.5 Armour
 - Level 1.5 Dodging


You had 5 spell levels left.
You didn't know any spells.

Dungeon Overview and Level Annotations

Branches:
Dungeon (8/15)             Temple (1/1) D:7
   Lair: D:8-11

Altars:
Cheibriados
Dithmenos
Elyvilon
Nemelex Xobeh
Qazlal
Ru
Sif Muna
Xom
Yredelemnul
Zin


Innate Abilities, Weirdness & Mutations

You have extremely sharp teeth.
You heal very quickly.
When hurt, damage is shared between your health and your magic reserves.
Your bite disrupts and absorbs the magic of your enemies.
Potions and wands cannot restore your health.
You are immune to rotting.


Message History

You barely miss the giant frog.
You are no longer berserk.
You are exhausted.
You feel yourself slow down.
You are starving!
The gnoll barely misses you. The giant frog hits you.
* * * LOW HITPOINT WARNING * * *
You barely miss the hungry ghost. Your bite misses the hungry ghost.
The hungry ghost is lightly damaged.
You closely miss the giant frog. The giant frog closely misses you.
The hungry ghost barely misses you. The gnoll closely misses you.
The giant frog hits you.
* * * LOW HITPOINT WARNING * * *
The hungry ghost hits you.
* * * LOW HITPOINT WARNING * * *
You feel somewhat more hungry.
Read which item? (? for menu, Esc to quit)
As you read the scroll labeled ELUYSO YKHACH, it crumbles to dust.
You smell coffee.
It was a scroll of random uselessness.
The giant frog hits you.
You die...

.# .# # .# .#
...#.######.##.###
#.)ooF@W{.........
#..#####g..........
+............
#g..........#...
...
#...............
o.#
#............... o.
#...............
#.#
#............... ..
#...............


You could see a hungry ghost, a giant frog, 2 orc priests and a gnoll.

Vanquished Creatures
  A centaur (D:7)
  An ogre (D:6)
  A crimson imp (D:6)
  A giant frog zombie (D:7)
  An orc priest (D:7)
  An orc wizard (D:8)
  2 gnolls (D:8)
  A shadow imp (D:6)
  An adder (D:5)
  An adder skeleton (D:4)
  3 giant geckos
  10 orcs
  A ball python (D:1)
  4 bats
  4 hobgoblins
  A kobold (D:2)
  A giant gecko zombie (D:6)
  5 giant newts
  6 goblins
  6 jackals
  3 rats
55 creatures vanquished.

Notes
Turn   | Place    | Note
--------------------------------------------------------------
     0 | D:1      | brucemayne the Vine Stalker Berserker began the quest for the Orb.
     0 | D:1      | Reached XP level 1. HP: 11/11 MP: 2/2
   103 | D:1      | Reached skill level 3 in Axes
   130 | D:1      | Reached XP level 2. HP: 10/16 MP: 1/3
   392 | D:3      | Reached XP level 3. HP: 13/19 MP: 1/4
   421 | D:3      | Reached ** piety under Trog
   526 | D:4      | Reached skill level 4 in Axes
   556 | D:5      | Entered Level 5 of the Dungeon
   661 | D:5      | You fall through a shaft for 3 floors!
   692 | D:8      | Reached XP level 4. HP: 23/23 MP: 5/5
   761 | D:6      | Noticed an ogre
   772 | D:6      | Killed an ogre
   772 | D:6      | Reached skill level 5 in Axes
   772 | D:6      | Reached XP level 5. HP: 27/27 MP: 4/6
   810 | D:6      | Gained mutation: You heal very quickly. [Vine Stalker growth]
   810 | D:6      | Reached XP level 6. HP: 32/32 MP: 7/7
   869 | D:7      | Reached skill level 6 in Axes
   925 | D:7      | Found a staircase to the Ecumenical Temple.
   929 | D:7      | Noticed a centaur
   935 | Temple   | Entered the Ecumenical Temple
  1034 | D:7      | Killed a centaur
  1083 | D:7      | Noticed a centaur
  1093 | D:7      | Noticed a hungry ghost
  1112 | D:7      | Noticed a giant frog
  1117 | D:7      | HP: 1/32 [hungry ghost (4)]
  1118 | D:7      | Slain by a giant frog

Vault maps used:
D:1:      minmay_arrival_wavy_path
D:2:      fedhas_altar_fruit_tree, kennysheep_cluttered_room,
          minmay_strange_pillars
D:3:      uniq_crazy_yiuf_cottage
D:4:      kennysheep_goblin_castle, grunt_temple_overflow_lords_of_destruction,
          grunt_temple_overflow_open
D:5:      first_bread, grunt_decor_clamped
D:6:      serial_shops, nicolae_shop_window_shopping, nrook_loot_triangle
D:7:      minmay_temple_entry_mist
D:8:      lair_0_dummy, basic_altar
Temple:   chambers_temple_10

Action                   |  1- 3 |  4- 6 || total
-------------------------+-------+-------++-------
Melee: Hand axe          |    94 |    51 ||   145
Invok: Berserk           |     1 |     4 ||     5
       Trog's Hand       |       |     1 ||     1
  Use: Scroll            |       |     4 ||     4
  Eat: Chunk             |       |     3 ||     3
       Fruit             |       |     3 ||     3
